AoeStats
← hightower_208

Arena

508842815Analyzed
2v2 RM · 7d ago on Sep 24, 2026· 41m 0s· 4 players
Game mode
Random Map
Map size
Medium (4 player)
Population
200
Speed
Normal
Resources
Standard
Victory
Conquest
Starting age
Dark Age
Ending age
Imperial Age
RankedLock teamsTeams togetherTeam positionsShared explorationLock speedFull tech treeHidden civsTurbo modeCheats
Victory
Defeat
🇨🇳 Wei · China
1713
+16
🇨🇳 Vietnamese · China
1708
+16
🇩🇪 Saxons · Germany
1713
-17
🇩🇪 Italians · Germany
1692
-15
hightower_208
9:37 Feudal Age
13:11 Castle Age
11:32 Double-Bit Axe
12:12 Horse Collar
18:40 Bow Saw
20:11 Wheelbarrow
19:47 Loom
21:19 Heavy Plow
22:40 Hand Cart
23:46 Stone Mining
27:19 Imperial Age
25:00 Scale Mail Armor
25:24 Forging
26:41 Chain Mail Armor
26:48 Squires
26:33 Arson
26:41 Gambesons
28:24 Iron Casting
28:44 Plate Mail Armor
27:38 Elite Varangian Guard
29:01 Pikeman
30:13 Conscription
30:41 Shield Wall
32:25 Fortified Wall
31:46 Elite Hearth Troop
32:41 Halberdier
Mjoelnir
10:28 Feudal Age
11:33 Double-Bit Axe
14:04 Castle Age
12:10 Horse Collar
15:14 Fletching
21:58 Wheelbarrow
22:16 Bodkin Arrow
22:42 Padded Archer Armor
25:06 Stone Mining
26:13 Leather Archer Armor
26:13 Bow Saw
27:47 Ballistics
29:08 Stone Shaft Mining
28:24 Gold Mining
32:21 Imperial Age
29:41 Loom
33:14 Hand Cart
33:01 Heavy Plow
33:31 Conscription
33:14 Bracer
34:12 Ring Archer Armor
33:35 Elite Skirmisher
34:22 Thumb Ring
34:05 Elite Genoese Crossbowman
38:18 Chemistry
38:00 Scale Barding Armor
39:31 Chain Barding Armor
40:12 Two-Man Saw
39:41 Forging
40:04 Light Cavalry
BWV974
10:24 Feudal Age
14:04 Castle Age
12:20 Double-Bit Axe
12:54 Horse Collar
15:02 Bow Saw
21:04 Wheelbarrow
20:58 Heavy Plow
21:05 Loom
22:56 Town Watch
23:36 Hand Cart
23:35 Gold Mining
26:19 Ballistics
28:44 Imperial Age
26:35 Fletching
26:46 Padded Archer Armor
27:14 Scale Barding Armor
27:49 Bodkin Arrow
28:21 Thumb Ring
28:34 Leather Archer Armor
29:00 Bloodlines
28:50 Husbandry
30:28 Chemistry
28:57 Light Cavalry
29:41 Bracer
30:09 Elite Battle Elephant
31:08 Masonry
31:38 Forging
31:58 Stone Mining
32:33 Chatras
32:08 Elite Rattan Archer
33:38 Ring Archer Armor
34:58 Chain Barding Armor
35:21 Paper Money
36:15 Plate Barding Armor
35:53 Siege Engineers
36:40 Iron Casting
36:43 Coinage
36:45 Murder Holes
36:30 Treadmill Crane
38:06 Hoardings
40:25 Banking
41:29 Stone Shaft Mining
黑炎柠檬茶
8:53 Feudal Age
8:48 Loom
9:19 Double-Bit Axe
9:15 Horse Collar
16:33 Castle Age
15:30 Gold Mining
17:03 Wheelbarrow
16:43 Loom
21:55 Imperial Age
19:52 Bow Saw
20:25 Fletching
21:59 Bodkin Arrow
24:38 Bracer
28:02 Ballistics
28:43 Chemistry
33:35 Padded Archer Armor
33:19 Elite Skirmisher
34:19 Imperial Skirmisher
37:46 Leather Archer Armor
40:34 Ring Archer Armor
40:56 Thumb Ring
41:11 Bloodlines
41:01 Husbandry
40:23 Light Cavalry
Connection lost

Rejoining the realm…

Still unreachable

The connection could not be restored.

Session expired

The server has moved on; the page needs a fresh start.